TOP OF THE 1ST |
St. Louis Coeur batting - Pitching for Ft. Worth Cattlemen : LHP Allen Werner
|
Pitching: LHP Allen Werner
|
|
Batting: RHB Nobuhisa Murakami
|
0-0: DOUBLE (Line Drive, 89D, EV 103.1 MPH)
|
Batting: RHB Jaime Soto
|
0-0: Ball 1-0: Swinging Strike 1-1: Ball 2-1: Ball 3-1: Called Strike 3-2: Foul Ball, location: 2F 3-2: Base on Balls
|
Batting: LHB Qing-nian Zexian
|
0-0: Foul Ball, location: 2F 0-1: Called Strike 0-2: Ball 1-2: Foul Ball, location: 2F 1-2: Ball 2-2: Strikes out swinging
|
Batting: RHB Joel Iyiegbuniwe
|
0-0: Called Strike 0-1: Called Strike 0-2: Ball 1-2: Ball 2-2: Fly out, F8 (Flyball, 8LD, EV 96.9 MPH) Runner from 2nd tags up, SAFE at 3rd with throw by CF
|
Batting: LHB Harry Cornelis
|
0-0: Called Strike 0-1: Foul Ball, location: 2F 0-2: Foul Ball, location: 2F 0-2: Ball 1-2: Strikes out swinging
|
Top of the 1st over - 0 runs, 1 hit, 0 errors, 2 left on base; St. Louis 0 - Ft. Worth 0 |
BOTTOM OF THE 1ST |
Ft. Worth Cattlemen batting - Pitching for St. Louis Coeur : RHP Ernesto López
|
Pitching: RHP Ernesto López
|
|
Batting: RHB Dennis Wacher
|
0-0: Ball 1-0: Foul Ball, location: 2F 1-1: Fly out, F9 (Flyball, 9, EV 81.9 MPH)
|
Batting: LHB Semo Hoaloha
|
0-0: Foul Ball, location: 2F 0-1: Foul Ball, location: 2F 0-2: Foul Ball, location: 2F 0-2: Foul Ball, location: 2F 0-2: Ball 1-2: Ball 2-2: Single, Error in OF, E9, batter to second base (Line Drive, 3D, EV 105.6 MPH)
|
Batting: LHB Craig Woods
|
0-0: Called Strike 0-1: Ball 1-1: Ground out 4-3 (Groundball, 4, EV 86.2 MPH) Semo Hoaloha to third
|
Batting: SHB Kolby Hay
|
0-0: Called Strike 0-1: Ball 1-1: Ball 2-1: Foul Ball, location: 2F 2-2: Foul Ball, location: 2F 2-2: Foul Ball, location: 2F 2-2: Strikes out swinging
|
Bottom of the 1st over - 0 runs, 1 hit, 1 error, 1 left on base; St. Louis 0 - Ft. Worth 0 |
TOP OF THE 2ND |
St. Louis Coeur batting - Pitching for Ft. Worth Cattlemen : LHP Allen Werner
|
Batting: RHB Guillermo Coss
|
0-0: Called Strike 0-1: Ball 1-1: Ground out 1-3 (Groundball, 25, EV 76.2 MPH)
|
Batting: RHB Ik-jun Cho
|
0-0: Called Strike 0-1: Swinging Strike 0-2: Ball 1-2: Ball 2-2: Strikes out swinging
|
Batting: LHB Tillmam Cru
|
0-0: Fly out, F8 (Line Drive, 8LD, EV 97.5 MPH)
|
Top of the 2nd over - 0 runs, 0 hits, 0 errors, 0 left on base; St. Louis 0 - Ft. Worth 0 |
BOTTOM OF THE 2ND |
Ft. Worth Cattlemen batting - Pitching for St. Louis Coeur : RHP Ernesto López
|
Batting: RHB Derek Bangert
|
0-0: Ball 1-0: Ball 2-0: Called Strike 2-1: Fly out, F6 (Popup, 6M, EV 59.4 MPH)
|
Batting: LHB Count Dante
|
0-0: Foul Ball, location: 2F 0-1: Ball 1-1: Ball 2-1: Ball 3-1: Foul Ball, location: 2F 3-2: Reached on error, E4 (Groundball, 4M, EV 105.0 MPH)
|
Batting: RHB Tsuneari Hirano
|
0-0: Grounds into double play, 5-4-3 (Groundball, 5L, EV 94.4 MPH)
|
Bottom of the 2nd over - 0 runs, 0 hits, 1 error, 0 left on base; St. Louis 0 - Ft. Worth 0 |
TOP OF THE 3RD |
St. Louis Coeur batting - Pitching for Ft. Worth Cattlemen : LHP Allen Werner
|
Batting: RHB Tabor de Maria
|
0-0: SOLO HOME RUN (Flyball, 7LD, EV 98.1 MPH), Distance : 348 ft
|
Batting: RHB Nobuhisa Murakami
|
0-0: Swinging Strike 0-1: Ball 1-1: Foul Ball, location: 2F 1-2: DOUBLE (Groundball, 5L, EV 108.8 MPH)
|
Batting: RHB Jaime Soto
|
0-0: Ball 1-0: Foul Ball, location: 2F 1-1: Ball 2-1: SINGLE (Groundball, 34D, EV 95.0 MPH) Nobuhisa Murakami to third
|
Batting: LHB Qing-nian Zexian
|
0-0: Ball 1-0: Called Strike 1-1: Ball 2-1: Foul Ball, location: 2F 2-2: Foul Ball, location: 2F 2-2: Foul Ball, location: 2F 2-2: Foul Ball, location: 2F 2-2: Foul Ball, location: 2F 2-2: Fly out, F6 (Line Drive, 6, EV 70.0 MPH)
|
Batting: RHB Joel Iyiegbuniwe
|
0-0: 3-RUN HOME RUN (Flyball, 7D, EV 94.4 MPH), Distance : 373 ft
|
Batting: LHB Harry Cornelis
|
0-0: Called Strike 0-1: Called Strike 0-2: Foul Ball, location: 2F 0-2: Ball 1-2: Strikes out swinging
|
Batting: RHB Guillermo Coss
|
0-0: Ball 1-0: TRIPLE (Groundball, 5L, EV 103.8 MPH)
|
Batting: RHB Ik-jun Cho
|
0-0: Called Strike 0-1: Ball 1-1: Called Strike 1-2: Ground out 5-3 (Groundball, 56, EV 83.1 MPH)
|
Top of the 3rd over - 4 runs, 5 hits, 0 errors, 1 left on base; St. Louis 4 - Ft. Worth 0 |
BOTTOM OF THE 3RD |
Ft. Worth Cattlemen batting - Pitching for St. Louis Coeur : RHP Ernesto López
|
Batting: RHB Min-gook Ch'oe
|
0-0: Ball 1-0: Fly out, F8 (Flyball, 89D, EV 92.5 MPH)
|
Batting: RHB Lonnie Doble
|
0-0: Swinging Strike 0-1: Ball 1-1: Hit by Pitch
|
Batting: RHB Dennis Wacher
|
0-0: Foul Ball, location: 2F 0-1: Fielders Choice at 2nd, 6-4 (Groundball, 6M, EV 81.2 MPH)
|
Batting: LHB Semo Hoaloha
|
0-0: Ball Dennis Wacher steals 2nd base 1-0: Swinging Strike 1-1: Ball 2-1: Foul Ball, location: 2F 2-2: Foul Ball, location: 2F 2-2: Ground out 6-3 (Groundball, 6M, EV 82.5 MPH)
|
Bottom of the 3rd over - 0 runs, 0 hits, 0 errors, 1 left on base; St. Louis 4 - Ft. Worth 0 |
TOP OF THE 4TH |
St. Louis Coeur batting - Pitching for Ft. Worth Cattlemen : LHP Allen Werner
|
Batting: LHB Tillmam Cru
|
0-0: Ball 1-0: Ball 2-0: Foul Ball, location: 2F 2-1: SINGLE (Groundball, 56S, EV 76.9 MPH) (infield hit)
|
Batting: RHB Tabor de Maria
|
0-0: Foul Ball, location: 2F 0-1: Grounds into double play, 5-4-3 (Groundball, 56S, EV 93.1 MPH)
|
Batting: RHB Nobuhisa Murakami
|
0-0: Foul Ball, location: 2F 0-1: Ball 1-1: Ground out 5-3 (Groundball, 5, EV 98.1 MPH)
|
Top of the 4th over - 0 runs, 1 hit, 0 errors, 0 left on base; St. Louis 4 - Ft. Worth 0 |
BOTTOM OF THE 4TH |
Ft. Worth Cattlemen batting - Pitching for St. Louis Coeur : RHP Ernesto López
|
Batting: LHB Craig Woods
|
0-0: Ball 1-0: Ball 2-0: Ground out 1-3 (Groundball, P, EV 81.2 MPH)
|
Batting: SHB Kolby Hay
|
0-0: Ball 1-0: Foul Ball, location: 2F 1-1: Foul Ball, location: 2F 1-2: Ball 2-2: SINGLE (Groundball, 34D, EV 98.1 MPH)
|
Batting: RHB Derek Bangert
|
0-0: Ball 1-0: Ball 2-0: Ball 3-0: Called Strike 3-1: Foul Ball, location: 2F 3-2: SINGLE (Flyball, 9S, EV 93.8 MPH) Kolby Hay to second Kolby Hay to third
|
Batting: LHB Count Dante
|
0-0: Ball 1-0: Called Strike 1-1: Ball 2-1: Ball 3-1: Grounds out, U3 (Groundball, 3L, EV 92.5 MPH) Kolby Hay scores
|
Batting: RHB Tsuneari Hirano
|
0-0: Ball 1-0: Called Strike 1-1: Ball 2-1: DOUBLE (Flyball, 8RXD, EV 91.9 MPH) Derek Bangert scores
|
Batting: RHB Min-gook Ch'oe
|
0-0: Ball 1-0: Foul Ball, location: 2F 1-1: Ground out 6-3 (Groundball, 6M, EV 85.6 MPH)
|
Bottom of the 4th over - 2 runs, 3 hits, 0 errors, 1 left on base; St. Louis 4 - Ft. Worth 2 |
TOP OF THE 5TH |
St. Louis Coeur batting - Pitching for Ft. Worth Cattlemen : LHP Allen Werner
|
Batting: RHB Jaime Soto
|
0-0: Called Strike 0-1: Ball 1-1: DOUBLE (Flyball, 8RXD, EV 99.4 MPH)
|
Batting: LHB Qing-nian Zexian
|
0-0: Ball 1-0: Ball 2-0: Ball 3-0: Base on Balls
|
Batting: RHB Joel Iyiegbuniwe
|
0-0: Reached on error, E6 (Groundball, 6MS, EV 71.9 MPH) Jaime Soto scores Qing-nian Zexian to third
|
Pitching: RHP Tom Scots
|
|
Batting: LHB Harry Cornelis
|
0-0: SINGLE (Groundball, 34S, EV 68.1 MPH) (infield hit)
|
Batting: RHB Guillermo Coss
|
0-0: Swinging Strike 0-1: Fly out, F8 (Flyball, 78S, EV 77.5 MPH)
|
Batting: RHB Ik-jun Cho
|
0-0: Ball 1-0: Foul Ball, location: 2F 1-1: Ball 2-1: Ball 3-1: Fly out, F8 (Flyball, 8LM, EV 95.6 MPH) Runner from 3rd tags up, SCORES, throw by CF
|
Batting: LHB Tillmam Cru
|
0-0: Called Strike 0-1: Called Strike 0-2: Strikes out swinging
|
Top of the 5th over - 2 runs, 2 hits, 1 error, 2 left on base; St. Louis 6 - Ft. Worth 2 |
BOTTOM OF THE 5TH |
Ft. Worth Cattlemen batting - Pitching for St. Louis Coeur : RHP Ernesto López
|
Batting: RHB Lonnie Doble
|
0-0: Called Strike 0-1: Swinging Strike 0-2: Ball 1-2: Fly out, F8 (Flyball, 8LD, EV 76.9 MPH)
|
Batting: RHB Dennis Wacher
|
0-0: Ground out 6-3 (Groundball, 6M, EV 100.0 MPH)
|
Batting: LHB Semo Hoaloha
|
0-0: Ball 1-0: Ball 2-0: Fly out, F8 (Line Drive, 8RD, EV 85.0 MPH)
|
Bottom of the 5th over - 0 runs, 0 hits, 0 errors, 0 left on base; St. Louis 6 - Ft. Worth 2 |
TOP OF THE 6TH |
St. Louis Coeur batting - Pitching for Ft. Worth Cattlemen : RHP Tom Scots
|
Batting: RHB Tabor de Maria
|
0-0: Called Strike 0-1: Ball 1-1: Ball 2-1: Foul Ball, location: 2F 2-2: Foul Ball, location: 2F 2-2: Ball 3-2: Foul Ball, location: 2F 3-2: Base on Balls
|
Batting: RHB Nobuhisa Murakami
|
0-0: Called Strike 0-1: Ball 1-1: Fly out, F4 (Line Drive, 4, EV 66.9 MPH)
|
Batting: RHB Jaime Soto
|
0-0: Ball 1-0: Ball 2-0: Fly out, F8 (Flyball, 8LD, EV 99.4 MPH)
|
Batting: LHB Qing-nian Zexian
|
0-0: Foul Ball, location: 2F 0-1: Called Strike 0-2: Ball 1-2: Fielders Choice at 2nd, 6-4 (Groundball, 6, EV 100.6 MPH)
|
Top of the 6th over - 0 runs, 0 hits, 0 errors, 1 left on base; St. Louis 6 - Ft. Worth 2 |
BOTTOM OF THE 6TH |
Ft. Worth Cattlemen batting - Pitching for St. Louis Coeur : RHP Ernesto López
|
Batting: LHB Craig Woods
|
0-0: Ball 1-0: Ball 2-0: Foul Ball, location: 2F 2-1: Ball 3-1: SINGLE (Line Drive, 89M, EV 98.8 MPH)
|
Batting: SHB Kolby Hay
|
0-0: Foul Ball, location: 2F 0-1: Called Strike 0-2: 2-RUN HOME RUN (Flyball, 89XD, EV 100.0 MPH), Distance : 421 ft
|
Batting: RHB Derek Bangert
|
0-0: Ground out 6-3 (Groundball, 6, EV 105.6 MPH)
|
Batting: LHB Count Dante
|
0-0: Ball 1-0: Ball 2-0: Ball 3-0: Base on Balls
|
Batting: RHB Tsuneari Hirano
|
0-0: Ball 1-0: Fly out, F9 (Flyball, 9, EV 86.9 MPH)
|
Batting: RHB Min-gook Ch'oe
|
0-0: Ball 1-0: Foul Ball, location: 2F 1-1: DOUBLE (Line Drive, 89XD, EV 111.9 MPH) Count Dante to third Runner from 3rd tries for Home, SAFE, throw by CF to trailing runner, OUT at third! 8-4-5
|
Bottom of the 6th over - 3 runs, 3 hits, 0 errors, 0 left on base; St. Louis 6 - Ft. Worth 5 |
TOP OF THE 7TH |
St. Louis Coeur batting - Pitching for Ft. Worth Cattlemen : RHP Tom Scots
|
Batting: RHB Joel Iyiegbuniwe
|
0-0: Called Strike 0-1: Ball 1-1: Foul Ball, location: 2F 1-2: DOUBLE (Line Drive, 8LXD, EV 100.6 MPH)
|
Batting: LHB Harry Cornelis
|
0-0: Intentional Walk
|
Batting: RHB Guillermo Coss
|
0-0: Grounds into double play, 6-4-3 (Groundball, 6, EV 84.4 MPH) Joel Iyiegbuniwe to third
|
Batting: RHB Ik-jun Cho
|
0-0: Ball Balk! Joel Iyiegbuniwe scores 1-0: Foul Ball, location: 2F 1-1: Foul Ball, location: 2F 1-2: Foul Ball, location: 2F 1-2: Foul Ball, location: 2F 1-2: Fly out, F9 (Flyball, 9, EV 85.6 MPH)
|
Top of the 7th over - 1 run, 1 hit, 0 errors, 0 left on base; St. Louis 7 - Ft. Worth 5 |
BOTTOM OF THE 7TH |
Ft. Worth Cattlemen batting - Pitching for St. Louis Coeur : RHP Ernesto López
|
Pitching: RHP Szekeres Panna
|
|
Batting: RHB Lonnie Doble
|
0-0: Foul Ball, location: 2F 0-1: Ball 1-1: Called Strike 1-2: Ball 2-2: Fly out, F8 (Line Drive, 8LD, EV 93.1 MPH)
|
Batting: RHB Dennis Wacher
|
0-0: Ball 1-0: Called Strike 1-1: Ball 2-1: Called Strike 2-2: Strikes out swinging
|
Batting: LHB Semo Hoaloha
|
0-0: Ball 1-0: Ball 2-0: Fly out, F8 (Flyball, 8RD, EV 94.4 MPH)
|
Bottom of the 7th over - 0 runs, 0 hits, 0 errors, 0 left on base; St. Louis 7 - Ft. Worth 5 |
TOP OF THE 8TH |
St. Louis Coeur batting - Pitching for Ft. Worth Cattlemen : RHP Tom Scots
|
Batting: LHB Tillmam Cru
|
0-0: Ball 1-0: Ball 2-0: Foul Ball, location: 2F 2-1: Foul Ball, location: 2F 2-2: Ball 3-2: Base on Balls
|
Pitching: RHP Ignacio Uribe
|
|
Batting: RHB Tabor de Maria
|
0-0: Bunted foul 0-1: Ball 1-1: Sac Bunt to 2L - play at first, batter OUT! 2-4 Tillmam Cru to second
|
Batting: RHB Nobuhisa Murakami
|
0-0: Ball Tillmam Cru is caught stealing 3rd base 2-5 1-0: Called Strike 1-1: Ground out 6-3 (Groundball, 6, EV 86.9 MPH)
|
Top of the 8th over - 0 runs, 0 hits, 0 errors, 0 left on base; St. Louis 7 - Ft. Worth 5 |
BOTTOM OF THE 8TH |
Ft. Worth Cattlemen batting - Pitching for St. Louis Coeur : RHP Szekeres Panna
|
Pitching: LHP Denie Ulderink
|
|
Batting: LHB Craig Woods
|
0-0: Called Strike 0-1: Swinging Strike 0-2: Ball 1-2: Foul Ball, location: 2F 1-2: Strikes out looking
|
Batting: SHB Kolby Hay
|
0-0: TRIPLE (Flyball, 89XD, EV 104.4 MPH)
|
Batting: RHB Derek Bangert
|
0-0: Ball 1-0: Ball Steal of home, Kolby Hay is out 2-0: Ball 3-0: Called Strike 3-1: Base on Balls
|
Batting: LHB Count Dante
|
0-0: Ball 1-0: Ball 2-0: Called Strike 2-1: Swinging Strike 2-2: Strikes out looking
|
Bottom of the 8th over - 0 runs, 1 hit, 0 errors, 1 left on base; St. Louis 7 - Ft. Worth 5 |
TOP OF THE 9TH |
St. Louis Coeur batting - Pitching for Ft. Worth Cattlemen : RHP Ignacio Uribe
|
Batting: RHB Jaime Soto
|
0-0: Foul Ball, location: 2F 0-1: Foul Ball, location: 2F 0-2: Strikes out swinging
|
Batting: LHB Qing-nian Zexian
|
0-0: Called Strike 0-1: Called Strike 0-2: Ball 1-2: Foul Ball, location: 2F 1-2: Strikes out looking
|
Batting: RHB Joel Iyiegbuniwe
|
0-0: Called Strike 0-1: Swinging Strike 0-2: Foul Ball, location: 2F 0-2: Strikes out swinging
|
Top of the 9th over - 0 runs, 0 hits, 0 errors, 0 left on base; St. Louis 7 - Ft. Worth 5 |
BOTTOM OF THE 9TH |
Ft. Worth Cattlemen batting - Pitching for St. Louis Coeur : LHP Denie Ulderink
|
Batting: RHB Tsuneari Hirano
|
0-0: Ball 1-0: Hit by Pitch
|
Batting: RHB Min-gook Ch'oe
|
0-0: Ball 1-0: Called Strike 1-1: Ball 2-1: Swinging Strike 2-2: Fly out, F4 (Popup, 34, EV 75.0 MPH)
|
Batting: RHB Lonnie Doble
|
0-0: Ball 1-0: Ball 2-0: Called Strike 2-1: Called Strike 2-2: Ball 3-2: Strikes out swinging
|
Batting: RHB Dennis Wacher
|
0-0: Ball 1-0: Ball 2-0: Called Strike 2-1: Ball 3-1: Called Strike 3-2: Foul Ball, location: 2F 3-2: Strikes out swinging
|
Bottom of the 9th over - 0 runs, 0 hits, 0 errors, 1 left on base; St. Louis 7 - Ft. Worth 5 |
|